 Dungeon Crawl Stone Soup version 0.19.5 (webtiles) character file.

15400 JeffiDaFish the Blocker (level 12, -3/77 HPs)
             Began as a Gargoyle Fighter on Sept 21, 2017.
             Was a High Priest of Okawaru.
             Slain by a hog (4 damage)
             ... led by Kirke
             ... on level 4 of the Lair of Beasts on Sept 22, 2017.
             The game lasted 00:31:06 (9653 turns).

JeffiDaFish the Blocker (Gargoyle Fighter)          Turns: 9653, Time: 00:31:06

Health: -3/77      AC:  0    Str: 20    XL:     12   Next: 26%
Magic:  12/16      EV: 17    Int: 12    God:    Okawaru [*****.]
Gold:   553        SH:  0    Dex: 13    Spells: 0 memorised, 11 levels left

rFire  . . .     SeeInvis .     (weapon currently unavailable)
rCold  . . .     Gourm    .     (armour currently unavailable)
rNeg   + . .     Faith    .     (shield currently unavailable)
rPois  ∞         Spirit   .     (helmet currently unavailable)
rElec  .         Reflect  .     (cloak currently unavailable)
rCorr  .         Harm     .     (gloves currently unavailable)
MR     .....                    (boots currently unavailable)
Stlth  ++........               v - amulet of regeneration (curse)
                                (ring currently unavailable)
                                (ring currently unavailable)

@: pig-form, finesse, slowed
A: clever 1, negative energy resistance 1, sense surroundings 1, screaming 1,
(electricity resistance), (unbreathing), petrification resistance, rot immunity,
AC +8
a: Heroism, Finesse, Renounce Religion


You were on level 4 of the Lair of Beasts.
You worshipped Okawaru.
Okawaru was extremely pleased with you.
You were not hungry.
You were a filthy swine.
You visited 3 branches of the dungeon, and saw 13 of its levels.

You collected 688 gold pieces.
You spent 135 gold pieces at shops.

Inventory:

Hand Weapons
 a - the +3 war axe of Winaotou (melded) {protect, Stlth+}
   (You took it off an orc priest on level 8 of the Dungeon)

   It protects the one who uses it against injury (+AC on strike).
   It makes you more stealthy.
 j - a +3 mace of holy wrath
Armour
 c - a +3 shield (melded)
 m - a +0 pair of boots (melded)
 p - a +1 helmet (melded)
 s - a +2 pair of gloves (melded)
 w - a +0 plate armour (melded)
Jewellery
 t - a +4 ring of evasion (melded)
 v - a cursed amulet of regeneration (around neck)
Scrolls
 e - 8 scrolls of teleportation
 k - 3 scrolls of amnesia
 l - 13 scrolls of identify
 n - 2 scrolls of recharging
 o - 4 scrolls of remove curse
 x - 2 scrolls of enchant weapon
 y - a scroll of blinking
Potions
 b - a potion of haste
 d - 3 potions of might
 r - 2 potions of agility
 z - a potion of flight
 A - a potion of magic
 C - a potion of curing
Comestibles
 f - 7 bread rations
 g - a royal jelly
 h - 8 slices of pizza
 i - 4 meat rations
 q - 4 beef jerkies
 u - 8 chunks of flesh
 B - 12 fruits


   Skills:
 + Level 9.6 Fighting
 * Level 4.9(7.1) Axes
 - Level 8.7(9.4) Maces & Flails
 + Level 9.6 Armour
 + Level 4.9 Dodging
 - Level 0.8 Stealth
 + Level 10.5 Shields
 + Level 5.7 Invocations


You had 11 spell levels left.
You didn't know any spells.

Dungeon Overview and Level Annotations

Branches:
Dungeon (8/15)             Temple (1/1) D:4            Lair (4/6) D:8
 Shoals (0/4) Lair:2        Snake (0/4) Lair:2

Altars:
Ashenzari
Cheibriados
Dithmenos
Elyvilon
Gozag
Hepliaklqana
Kikubaaqudgha
Makhleb
Nemelex Xobeh
Okawaru
Qazlal
Ru
Sif Muna
Trog
Uskayaw
Vehumet
Xom
Yredelemnul
Zin
The Shining One

Shops:
D:4 *

Annotations:
Lair:1 exclusion: oklob plant
Lair:3 exclusion: 3 oklob plants
Lair:4 Kirke


Innate Abilities, Weirdness & Mutations

You are resistant to torment.
((Your stone body is resilient. (AC +8)))
You are immune to poison.
You resist negative energy. (rN+)
((You are resistant to electric shocks. (rElec)))
((You can survive without breathing.))
You are immune to petrification.
You are immune to rotting.
Your mind is acute. (Int +2)
You passively map a small area around you.
You occasionally shout uncontrollably at your foes.


Message History

Your +4 ring of evasion melds into your body.
The +3 war axe of Winaotou {protect, Stlth+} goes still.
The elephant tramples you!
You hold your ground!
The elephant trunk-slaps you. The crocodile closely misses you.
The hog misses you. The hog bites you!
You hit Kirke.
Kirke is lightly wounded.
The hog bites you! Kirke hits you! The elephant tramples you!
* * * LOW HITPOINT WARNING * * *
You hold your ground!
The elephant closely misses you. The hog misses you. The crocodile misses you.
You hit Kirke.
Kirke is moderately wounded.
The hog barely misses you. The hog completely misses you. Kirke hits you!
* * * LOW HITPOINT WARNING * * *
The hog misses you. The elephant misses you. x2
Unknown command.
You hit Kirke.
Kirke is moderately wounded.
The hog bites you.
You die...

.... , , * ....
. * * ..... ,
.# ,.....* .# *
,...... ##,..#
*#P..P# .#..#
#....Y#t...###
* **
#.hhh......#
*#..hh@hP...##
,
.....Y######..#
##.... # * ####
,, * ,, , , ,


You could see Kirke, 2 elephants, 5 hogs and a crocodile.

Vanquished Creatures
  A hydra (Lair:3)
  6 elephants
  A siren (Lair:2)
  4 spiny frogs
  3 komodo dragons
  A polar bear (Lair:3)
  7 blink frogs
  Grinder (D:5)
  4 hippogriffs
  8 yaks
  5 hogs
  A wyvern (Lair:3)
  A human (D:7)
  A steam dragon (Lair:3)
  A basilisk (Lair:3)
  4 nagas (Lair:2)
  6 water moccasins
  4 orc warriors
  2 porcupines
  A phantom (D:8)
  4 wolves (Lair:3)
  6 ogres
  5 centaurs
  4 crocodiles
  2 big kobolds (D:3)
  7 bullfrogs
  3 scorpions
  3 wights (D:8)
  4 howler monkeys (D:8)
  2 bullfrog zombies
  A crimson imp (D:5)
  2 hounds
  5 orc priests
  4 gnoll shamans (D:7)
  3 centaur skeletons
  An iguana (D:6)
  2 bullfrog skeletons (D:7)
  Terence (D:3)
  11 orc wizards
  5 worker ants
  A hound zombie (D:8)
  A hound skeleton (D:6)
  14 gnolls
  10 adders
  A shadow imp (D:5)
  An adder zombie (D:5)
  3 worms
  6 dart slugs
  A leopard gecko (D:8)
  26 orcs
  A ball python (D:2)
  6 bats
  9 giant cockroaches
  3 goblins
  14 hobgoblins
  9 jackals
  15 kobolds
  2 frilled lizards
  2 quokka skeletons
  7 rats
  3 fungi
  5 plants
277 creatures vanquished.

Vanquished Creatures (others)
  A wizard (D:6)
  A fungus (D:7)
  18 plants
20 creatures vanquished.

Grand Total: 297 creatures vanquished

Notes
Turn   | Place    | Note
-------+----------+-------------------------------------------
     0 | D:1      | JeffiDaFish the Gargoyle Fighter began the quest for the Orb.
     0 | D:1      | Reached XP level 1. HP: 14/14 MP: 1/1
   258 | D:1      | Reached XP level 2. HP: 19/19 MP: 2/2
   569 | D:2      | Found a shimmering altar of Xom.
   618 | D:2      | Found a shattered altar of Ashenzari.
   618 | D:2      | Found a stormy altar of Qazlal.
   619 | D:2      | Found an opulent altar of Gozag.
   619 | D:2      | Found a bloodstained altar of Trog.
   671 | D:2      | Reached XP level 3. HP: 18/23 MP: 3/3
   795 | D:2      | Reached skill level 4 in Shields
   942 | D:2      | Reached XP level 4. HP: 27/28 MP: 4/4
   953 | D:2      | Found a sparkling altar of Nemelex Xobeh.
   979 | D:2      | Found a basalt altar of Yredelemnul.
  1309 | D:3      | Noticed a big kobold
  1310 | D:3      | Noticed a big kobold
  1331 | D:3      | Killed a big kobold
  1331 | D:3      | Reached XP level 5. HP: 26/32 MP: 5/5
  1352 | D:3      | Killed a big kobold
  1352 | D:3      | Reached skill level 1 in Dodging
  1426 | D:3      | Reached XP level 6. HP: 37/37 MP: 6/6
  1572 | D:3      | Reached skill level 5 in Shields
  1905 | D:3      | Noticed Terence
  1927 | D:3      | Killed Terence
  2322 | D:4      | Found a staircase to the Ecumenical Temple.
  2445 | Temple   | Entered the Ecumenical Temple
  2473 | Temple   | Became a worshipper of Warmaster Okawaru
  2604 | D:4      | Reached XP level 7. HP: 30/41 MP: 7/7
  2646 | D:4      | Found a sacrificial altar of Ru.
  2666 | D:4      | Reached skill level 5 in Maces & Flails
  2958 | D:4      | Found Hyurph's Assorted Antiques.
  2962 | D:4      | Bought a scroll of enchant armour for 135 gold pieces
  3062 | D:5      | Entered Level 5 of the Dungeon
  3270 | D:5      | Reached * piety under Okawaru
  3434 | D:5      | Reached skill level 6 in Shields
  3434 | D:5      | Reached XP level 8. HP: 48/48 MP: 8/8
  3810 | D:5      | Noticed Grinder
  3828 | D:5      | Killed Grinder
  3848 | D:5      | Reached skill level 5 in Armour
  3931 | D:6      | Found a bloodstained altar of Trog.
  4025 | D:6      | Reached ** piety under Okawaru
  4025 | D:6      | Reached skill level 5 in Fighting
  4060 | D:6      | Noticed a wizard
  4062 | D:6      | Killed a wizard
  4076 | D:6      | Reached skill level 7 in Shields
  4321 | D:6      | Found a shadowy altar of Dithmenos.
  4386 | D:6      | Reached XP level 9. HP: 18/54 MP: 9/9
  4746 | D:6      | Gained mutation: You occasionally shout uncontrollably at your foes. [potion of mutation]
  4746 | D:6      | Gained mutation: Your mind is acute. (Int +2) [potion of mutation]
  4746 | D:6      | Gained mutation: You passively map a small area around you. [potion of mutation]
  4880 | D:6      | Reached skill level 1 in Invocations
  5351 | D:7      | Reached *** piety under Okawaru
  5362 | D:7      | Reached skill level 8 in Shields
  5587 | D:7      | Found a shadowy altar of Dithmenos.
  5705 | D:7      | Reached XP level 10. HP: 61/61 MP: 11/11
  5749 | D:7      | Found an ancient bone altar of Kikubaaqudgha.
  6142 | D:8      | Reached **** piety under Okawaru
  6189 | D:8      | Identified the +2 dire flail "Banisher" {flame, +Inv rElec rPois Str-2} (You found it on level 8 of the Dungeon)
  6534 | D:8      | Found a glowing silver altar of Zin.
  6650 | D:8      | Got a scorched war axe {protect}
  6651 | D:8      | Identified the +3 war axe of Winaotou {protect, Stlth+} (You took it off an orc priest on level 8 of the Dungeon)
  6723 | D:8      | Reached ***** piety under Okawaru
  6753 | D:8      | Found a staircase to the Lair.
  6770 | D:8      | Reached skill level 9 in Shields
  6816 | D:8      | Found a hazy altar of Hepliaklqana.
  6859 | Lair:1   | Entered Level 1 of the Lair of Beasts
  6868 | Lair:1   | Reached skill level 1 in Axes
  7025 | Lair:1   | Reached XP level 11. HP: 48/68 MP: 12/14
  7101 | Lair:1   | Noticed an oklob plant
  7428 | Lair:1   | Found a sacrificial altar of Ru.
  7536 | Lair:2   | Found a staircase to the Snake Pit.
  8017 | Lair:2   | Found a staircase to the Shoals.
  8311 | Lair:2   | Received a gift from Okawaru
  8536 | Lair:2   | Reached skill level 10 in Shields
  8802 | Lair:3   | Reached skill level 5 in Invocations
  8990 | Lair:3   | Reached XP level 12. HP: 67/76 MP: 14/16
  9164 | Lair:3   | Noticed a four-headed hydra
  9184 | Lair:3   | Killed a nine-headed hydra
  9605 | Lair:4   | Noticed Kirke
  9652 | Lair:4   | HP: 1/77 [Kirke (14)]
  9653 | Lair:4   | Slain by a hog

Skill      XL: |  1  2  3  4  5  6  7  8  9 10 11 |
---------------+----------------------------------+-----
Shields        | 4 5 6 7 8 9 10 | 10.5
Armour         | 4 5 6 8 9 |  9.6
Maces & Flails | 3 4 5 7 8 |  8.7
Dodging        | 1 2 3 4 |  4.9
Fighting       | 4 5 6 7 9 |  9.6
Invocations    | 2 4 5 |  5.7
Axes           | 1 4 |  4.9
Stealth        | |  0.8

Action                   |  1- 3 |  4- 6 |  7- 9 | 10-12 || total
-------------------------+-------+-------+-------+-------++-------
Melee: Flail             |   153 |    77 |       |       ||   230
       Mace              |       |   130 |   505 |   245 ||   880
       War axe           |       |       |       |   451 ||   451
       Unarmed           |       |       |       |     3 ||     3
Invok: Heroism           |       |       |     1 |       ||     1
       Finesse           |       |       |       |     2 ||     2
  Use: Potion            |     6 |     2 |     3 |     2 ||    13
       Scroll            |     9 |     4 |     3 |     8 ||    24
 Stab: Paralysed         |       |       |     1 |       ||     1
  Eat: Chunk             |     1 |     5 |    11 |    15 ||    32
Armor: Scale mail        |   118 |    55 |       |       ||   173
       Chain mail        |       |    71 |   227 |       ||   298
       Plate armour      |       |       |    40 |   558 ||   598
Dodge: Dodged            |    65 |    56 |   108 |   324 ||   553
Block: Shield            |   140 |   161 |   424 |   652 ||  1377
